 Dungeon Crawl Stone Soup version 0.28.0-62-gf88900778d (webtiles) character file.

Game seed: 4988935907650812897

59262 tkbsonic5 the Covert (level 14, -7/63 HPs)
             Began as a Felid Delver on Apr 12, 2023.
             Was the Champion of Nemelex Xobeh.
             Mangled by a salamander
             ... wielding a +0 spear
              (13 damage)
             ... on level 2 of the Snake Pit on July 2, 2023.
             The game lasted 05:21:35 (44273 turns).

tkbsonic5 the Covert (Felid Delver)                Turns: 44273, Time: 05:21:36

Health: -7/63      AC:  5    Str:  6    XL:     14   Next: 52%
Magic:  8/28       EV: 25    Int: 27    God:    Nemelex Xobeh [******]
Gold:   308        SH:  5    Dex: 19    Spells: 2/31 levels left
                                        Lives:  0   Deaths: 2

rFire   . . .      SeeInvis +     - Unarmed
rCold   + . .      Faith    .   (shield unavailable)
rNeg    . . .      Spirit   .   (armour unavailable)
rPois   +          Reflect  +   (helmet unavailable)
rElec   .          Harm     .   (cloak unavailable)
rCorr   .          Rampage  .   (gloves unavailable)
Will    ++...                   (boots unavailable)
Stlth   +++++.....              f - amulet of reflection {Centaur says "I'll Never Leave You"}
HPRegen 0.20/turn               o - +6 ring of intelligence
MPRegen 0.21/turn               k - +6 ring of intelligence

@: studying Hexes, quick
A: very small, claws 1, fangs 3, see invisible, speed 1, shaggy fur 3, stealthy
paws, no weapons or thrown items, no armour, multi-lived, iridescent scales 1,
poison resistance, weak 1
a: Renounce Religion, Draw Escape, Draw Destruction, Draw Summoning, Triple
Draw, Deal Four, Stack Five


You were on level 2 of the Snake Pit.
You worshipped Nemelex Xobeh.
Nemelex Xobeh was exalted by your worship.
You visited 4 branches of the dungeon, and saw 25 of its levels.

You collected 2604 gold pieces.
You spent 2296 gold pieces at shops.

Inventory:

Missiles
 n - 509 stones
Jewellery
 e - a ring of fire
 f - an amulet of reflection (around neck) {Centaur says "I'll Never Leave You"}
 g - a ring of positive energy
 h - an amulet of faith {Vugis The Bird Head Emaciated Demon of punch and webs}
 i - a ring of fire
 j - an amulet of magic regeneration {Kitestring Collar}
 k - a +6 ring of intelligence (right paw)
 o - a +6 ring of intelligence (left paw)
 s - a ring of resist corrosion
 w - an amulet of regeneration
 z - a +4 ring of evasion
Wands
 l - a wand of acid (1)
 v - a wand of polymorph (7)
Scrolls
 c - 5 scrolls of teleportation
 t - 8 scrolls of identify
 x - 2 scrolls of magic mapping
Potions
 a - 2 potions of might
 b - a potion of mutation
 d - 4 potions of curing
 m - 2 potions of cancellation
 p - a potion of lignification
 q - 4 potions of flight
 r - 3 potions of brilliance
 u - a potion of resistance


   Skills:
 - Level 8.9 Fighting
 - Level 10.9 Dodging
 * Level 12.8 Stealth
 - Level 2.6 Unarmed Combat
 - Level 9.0 Spellcasting
 * Level 9.2 Conjurations
 * Level 10.7 Hexes
 - Level 3.7 Summonings
 - Level 3.6 Necromancy
 * Level 9.8 Translocations
 - Level 1.8 Transmutations
 - Level 2.7 Fire Magic
 - Level 6.4 Ice Magic
 - Level 4.4 Air Magic
 * Level 9.5 Earth Magic
 - Level 6.4 Poison Magic
 + Level 9.3 Invocations
 - Level 5.8 Evocations


You had 2 spell levels left.
You knew the following spells:

 Your Spells              Type           Power      Damage    Failure   Level
a - Inner Flame           Hex/Fire       48%        N/A       1%          3
b - Poisonous Vapours     Pois/Air       82%        N/A       1%          2
c - Stone Arrow           Conj/Erth      100%       3d13      1%          3
d - Iskenderun's Mystic   Conj/Tloc      59%        2d12      1%          4
e - Fulminant Prism       Conj/Hex       30%        3d16      1%          4
f - Apportation           Tloc           100%       N/A       1%          1
g - Passwall              Tmut/Erth      35%        N/A       1%          2
h - Freeze                Ice            100%       1d11      1%          1
i - Ensorcelled Hibernat  Hex/Ice        100%       N/A       1%          2
j - Corpse Rot            Necr/Air       68%        N/A       1%          2
k - Lee's Rapid Deconstr  Erth           29%        3d16*     2%          5

Your spell library contained the following spells:

 Spells                   Type           Power      Damage    Failure   Level
 Magic Dart               Conj           100%       1d8       1%          1
 Sandblast                Erth           100%       2d20      1%          1
 Summon Small Mammal      Summ           100%       N/A       1%          1
 Searing Ray              Conj           100%       2d8       1%          2
 Static Discharge         Conj/Air       49%        N/A       1%          2
 Frozen Ramparts          Ice            92%        1d11      1%          3
 Cause Fear               Hex            31%        N/A       1%          4
 Hailstorm                Conj/Ice       53%        3d12      1%          4
 Spider Form              Tmut/Pois      34%        N/A       2%          3
 Swiftness                Air            36%        N/A       2%          3
 Anguish                  Hex/Necr       25%        N/A       2%          4
 Metabolic Englaciation   Hex/Ice        27%        N/A       3%          5
 Petrify                  Tmut/Erth      42%        N/A       4%          4
 Lightning Bolt           Conj/Air       24%        1d40      8%          5
 Freezing Cloud           Conj/Ice/Air   24%        6-21      9%          5
 Alistair's Intoxication  Tmut/Pois      22%        N/A       24%         5
 Statue Form              Tmut/Erth      28%        N/A       56%         6
 Simulacrum               Ice/Necr       19%        N/A       67%         6
 Discord                  Hex            31%        N/A       98%         8
 Maxwell's Capacitive Co  Air            18%        ∞         100%        8
 Polar Vortex             Ice            23%        N/A       100%        9


Dungeon Overview and Level Annotations

Branches:
Dungeon (15/15)            Temple (0/1) D:6            Lair (6/6) D:10
 Shoals (0/4) Lair:3        Snake (2/4) Lair:4        Slime (0/5) Lair:5
    Orc (2/2) D:12            Elf (0/3) Orc:2        Vaults (0/5) D:13
 Depths (0/4) D:15

Altars:
Cheibriados
Elyvilon
Gozag
Hepliaklqana
Nemelex Xobeh
Qazlal
Ru
Trog
Vehumet
The Shining One
Beogh
Jiyva

Shops:
D:2 :   D:6 *   Orc:2 ((([*:   Snake:1 *

Portals:
Abyss: Lair:2

Annotations:
D:14 1 runed translucent door, Mujodghi's ghost, journeyman FoFi
Lair:2 2 transporters, infinitevox's ghost, journeyman DsWn
Lair:3 3 runed translucent doors, Deed's ghost, journeyman MiFi
Lair:5 exclusion: oklob plant


Innate Abilities, Weirdness & Mutations

You have sharp claws.
You have razor-sharp teeth.
You have supernaturally acute eyesight. (SInv)
You cover ground quickly. (Speed+)
Your thick and shaggy fur keeps you warm. (AC +3, rC+)
Your paws help you pounce on unaware monsters.
You are incapable of wielding weapons or throwing items.
You cannot wear armour.
You gain extra lives every three experience levels.
You are partially covered in iridescent scales. (AC +2)
Your system is resistant to poisons. (rPois)
You are weak. (Str -2)


Message History

Your basilisk dies!
Your basilisk's corpse disappears in a puff of smoke!
Casting: Poisonous Vapours (safe; 1% risk of failure)
Confirm with . or Enter, or press ? or * to list all spells.
Okay, then.
Casting: Poisonous Vapours (safe; 1% risk of failure)
Confirm with . or Enter, or press ? or * to list all spells.
Okay, then.
Casting: Poisonous Vapours (safe; 1% risk of failure)
Confirm with . or Enter, or press ? or * to list all spells.
Okay, then.
Casting: Poisonous Vapours (safe; 1% risk of failure)
Confirm with . or Enter, or press ? or * to list all spells.
Aiming: Passwall (safe; 1% risk of failure)
Press: ? - help, Dir - move target, p - salamander A rock wall.
This rock feels extremely deep.
Your fire vortex hits the salamander.
Your fire vortex dissipates!
The salamander barely misses you.
Casting: Passwall (safe; 1% risk of failure)
Confirm with . or Enter, or press ? or * to list all spells.
Okay, then.
Okay, then.
Okay, then.
Okay, then.
Casting: Passwall (safe; 1% risk of failure)
Confirm with . or Enter, or press ? or * to list all spells.
Okay, then.
Casting: Passwall (safe; 1% risk of failure)
Confirm with . or Enter, or press ? or * to list all spells.
You erupt in a blast of force!
The mystic blast hits the salamander!
The salamander is severely wounded.
The salamander is knocked back by the mystic blast.
The salamander collides with the mana viper!
The mana viper is lightly wounded.
The salamander hits you from afar with a +0 spear!
* * * LOW HITPOINT WARNING * * *
You are engulfed in flames!
You die...
Your body glows with a rainbow of weird colours and disappears.

<# #.
##............#
## #.
#..........#.# #
.
#.###......##.#
# .
#....#....###..
######N.........
#S#####.. ##N# .
#°## #@# ###


You could see a salamander mystic (very poisoned), a salamander (fast, very
poisoned) and a mana viper (fast).

Vanquished Creatures
  Gastronok (D:8)
  Donald (Snake:1)
  2 nagarajas (Snake:1)
  2 orc warlords (Orc:2)
  A broodmother (Lair:5)
  2 ettins
  Josephine (Lair:3)
  2 naga warriors
  A great orb of eyes (D:13)
  11 hydras
  4 vault guards
  4 anacondas
  2 catoblepae
  4 centaur warriors
  A deep troll shaman (Lair:6)
  3 death yaks (Lair:6)
  3 two-headed ogres
  An orc high priest (Orc:2)
  A naga sharpshooter (Snake:2)
  2 tengu warriors (D:14)
  A fire crab (shapeshifter) (D:14)
  2 shock serpents
  A deep troll (D:15)
  Pikel (D:8)
  2 mana vipers (Snake:1)
  2 necromancers (D:15)
  3 orc knights
  An ugly thing (D:12)
  2 deep elf pyromancers (D:15)
  A faun (shapeshifter) (D:14)
  A wolf spider (D:14)
  4 cyclopes
  A manticore (D:12)
  2 salamanders
  4 orc sorcerers
  14 elephants
  11 naga magi
  Joseph (D:10)
  10 black mambas
  12 cane toads
  An unseen horror (D:11)
  A yaktaur (D:15)
  2 rime drakes
  8 komodo dragons
  A freezing wraith (D:14)
  A tengu conjurer (D:14)
  A queen bee (D:13)
  8 meliai
  11 trolls
  A polar bear (Lair:1)
  2 hornets
  10 slime creatures
  2 wind drakes (Orc:2)
  6 blink frogs
  A dream sheep (Lair:6)
  A shadow (D:10)
  2 wyverns
  2 golden eyes
  A fire bat (D:15)
  A redback (D:15)
  9 wraiths
  2 vampire mosquitoes (D:13)
  4 basilisks
  61 yaks
  7 humans (D:13)
  A steam dragon (Lair:3)
  Edmund (D:4)
  Menkaure (D:5)
  14 nagas
  8 wargs
  11 water moccasins
  A sky beast (D:6)
  32 orc warriors
  An ice beast (Orc:2)
  A tengu (Lair:6)
  13 centaurs
  9 ogres
  7 wolves (Lair:6)
  2 phantoms
  A centaur (shapeshifter) (Lair:6)
  A lemure (D:8)
  Blork the orc (D:5)
  A kobold brigand (D:8)
  18 bullfrogs
  A wyvern zombie (D:6)
  A scorpion (D:4)
  A wyvern skeleton (D:6)
  A killer bee (D:6)
  4 wights (D:9)
  3 howler monkeys
  A centaur zombie (D:5)
  5 electric eels (D:12)
  2 bullfrog zombies
  3 hounds
  3 jellies
  A gnoll shaman (D:6)
  16 orc priests
  A centaur skeleton (D:4)
  A bullfrog skeleton (D:5)
  17 orc wizards
  7 hell rats (Lair:3)
  A killer bee zombie (D:8)
  6 gnolls
  3 adders
  A white imp (D:7)
  An ufetubus (D:7)
  An adder skeleton (D:4)
  3 worms
  103 orcs
  3 ball pythons
  An endoplasm (D:1)
  3 giant cockroaches
  9 goblins
  3 hobgoblins
  8 jackals
  5 quokkas
  2 bats (D:1)
  4 frilled lizards (D:1)
  10 kobolds
  2 rats (Orc:2)
  3 fulminant prisms
635 creatures vanquished.

Vanquished Creatures (collateral kills)
  A two-headed ogre (D:10)
  A death knight (D:6)
  An orc high priest (Orc:2)
  Sonja (Lair:4)
  Nergalle (D:12)
  A cyclops (D:11)
  A salamander (Snake:2)
  An elephant (Lair:6)
  2 cane toads
  A gargoyle (D:12)
  A komodo dragon (Lair:5)
  A hornet (D:9)
  A meliai (D:13)
  A troll (D:10)
  A shadow (D:12)
  A wraith (D:12)
  6 yaks
  A wyvern (Lair:5)
  2 vampire mosquitoes (D:10)
  An acid dragon (D:9)
  A water moccasin (Lair:6)
  A black bear (Lair:5)
  2 orc warriors (Orc:2)
  A necrophage (D:5)
  A centaur (D:8)
  5 wights (D:9)
  An electric eel (D:12)
  A hound (D:6)
  A jelly (D:5)
  A gnoll shaman (D:5)
  An orc priest (D:12)
  2 orc wizards (Orc:2)
  A hound skeleton (D:4)
  Robin (D:4)
  4 gnolls
  10 orcs
  A ball python (D:4)
  An endoplasm (D:4)
  3 goblins (D:4)
  2 hobgoblins (D:4)
  A frilled lizard (D:12)
69 creatures vanquished.

Vanquished Creatures (others)
  A yak (Lair:6)
  A human (D:13)
  A swamp drake (shapeshifter) (Lair:6)
  An ogre (Lair:6)
  131 fulminant prisms
  58 fungi
  91 plants
  2 withered plants (D:14)
286 creatures vanquished.

Grand Total: 990 creatures vanquished

Notes
Turn   | Place    | Note
-------+----------+-------------------------------------------
     0 | D:5      | tkbsonic5 the Felid Delver began the quest for the Orb.
     0 | D:5      | Reached XP level 1. HP: 10/10 MP: 2/2
   110 | D:3      | Found an opulent altar of Gozag.
   202 | D:2      | Found Zegaifij's Book Emporium.
   437 | D:2      | Reached XP level 2. HP: 14/14 MP: 3/3
   442 | D:2      | Learned a level 1 spell: Apportation
   666 | D:1      | Found a faded altar of an unknown god.
   714 | D:1      | Reached skill level 1 in Translocations
   776 | D:1      | You fall into a shaft and drop 1 floor!
  1066 | D:2      | Learned a level 1 spell: Sandblast
  1130 | D:1      | Gained mutation: You are weak. (Str -2) [potion of
                  | mutation]
  1130 | D:1      | Gained mutation: You are partially covered in iridescent
                  | scales. (AC +2) [potion of mutation]
  1130 | D:1      | Gained mutation: Your system is resistant to poisons.
                  | (rPois) [potion of mutation]
  1471 | D:1      | Prayed at the altar of an unknown god.
  1471 | D:1      | Became a worshipper of Nemelex Xobeh the Trickster
  1471 | D:1      | Reached * piety under Nemelex Xobeh
  1723 | D:2      | Reached skill level 1 in Evocations
  1910 | D:1      | Reached XP level 3. HP: 17/17 MP: 2/4
  2200 | D:2      | Learned a level 2 spell: Poisonous Vapours
  2731 | D:3      | Found a white marble altar of Elyvilon.
  2809 | D:3      | Found a hazy altar of Hepliaklqana.
  2820 | D:3      | Reached skill level 7 in Stealth
  3053 | D:4      | Reached skill level 1 in Spellcasting
  3053 | D:4      | Reached XP level 4. HP: 16/21 MP: 6/6
  3057 | D:4      | Noticed Robin
  3149 | D:4      | Received a gift from Nemelex Xobeh
  3171 | D:4      | Reached skill level 1 in Invocations
  3181 | D:4      | Killed Robin
  3326 | D:4      | Noticed a scorpion
  3327 | D:4      | Killed a scorpion
  3328 | D:4      | Reached skill level 1 in Poison Magic
  3328 | D:4      | Reached XP level 5. HP: 24/24 MP: 8/8
  3332 | D:4      | Learned a level 3 spell: Stone Arrow
  3519 | D:4      | Reached ** piety under Nemelex Xobeh
  3700 | D:4      | Noticed a phantom
  3710 | D:4      | Killed a phantom
  3711 | D:4      | Reached skill level 1 in Earth Magic
  3711 | D:4      | Gained mutation: You are covered in thick fur. (AC +2)
                  | [Felid growth]
  3711 | D:4      | Reached XP level 6. HP: 28/28 MP: 8/10
  3748 | D:4      | Noticed Edmund
  3785 | D:4      | Killed Edmund
  4143 | D:4      | Found a sacrificial altar of Ru.
  4586 | D:5      | Reached XP level 7. HP: 17/31 MP: 9/12
  4593 | D:5      | Noticed Menkaure
  4660 | D:5      | Noticed Blork the orc
  4689 | D:5      | Killed Blork the orc
  4892 | D:2      | Bought a book of Conjurations for 220 gold pieces
  4894 | D:2      | Learned a level 1 spell: Magic Dart
  4897 | D:2      | Learned a level 2 spell: Searing Ray
  4899 | D:2      | Learned a level 1 spell: Apportation
  4902 | D:2      | Learned a level 2 spell: Passwall
  5127 | D:5      | Received a gift from Nemelex Xobeh
  5282 | D:5      | Noticed Eustachio
  5287 | D:5      | Noticed Eustachio
  5287 | D:5      | Eustachio changed into Eustachio the jelly
  5288 | D:5      | Killed Menkaure
  5290 | D:5      | Killed Eustachio the jelly
  5380 | D:5      | Reached skill level 1 in Conjurations
  5389 | D:5      | Reached XP level 8. HP: 29/34 MP: 1/14
  5501 | D:5      | Received a gift from Nemelex Xobeh
  5739 | D:6      | Reached *** piety under Nemelex Xobeh
  5790 | D:6      | Found Enyuheacw's General Store.
  5881 | D:6      | Reached skill level 1 in Transmutations
  5985 | D:6      | Reached skill level 1 in Air Magic
  6362 | D:6      | Received a gift from Nemelex Xobeh
  6393 | D:6      | Found a staircase to the Ecumenical Temple.
  6430 | D:6      | Found a snail-covered altar of Cheibriados.
  6732 | D:6      | Noticed a rust devil
  6813 | D:6      | Noticed a death knight
  6820 | D:6      | Killed a death knight
  6821 | D:6      | Reached skill level 8 in Stealth
  6821 | D:6      | Reached XP level 9. HP: 39/39 MP: 7/16
  7325 | D:7      | Reached skill level 5 in Dodging
  7410 | D:7      | Reached **** piety under Nemelex Xobeh
  7527 | D:7      | Received a gift from Nemelex Xobeh
  7661 | D:2      | Bought First Steps in Theurgy for 132 gold pieces
  7663 | D:2      | Learned a level 1 spell: Freeze
  7665 | D:2      | Learned a level 1 spell: Summon Small Mammal
  7668 | D:2      | Learned a level 2 spell: Corpse Rot
  8685 | D:8      | Noticed Pikel
  8687 | D:8      | Killed Pikel
  8688 | D:8      | Reached skill level 1 in Summonings
  8688 | D:8      | Reached skill level 1 in Necromancy
  8688 | D:8      | Reached skill level 1 in Ice Magic
  8688 | D:8      | Reached skill level 5 in Invocations
  8765 | D:8      | Noticed a hellwing
  8774 | D:8      | Reached skill level 5 in Fighting
  9228 | D:8      | Noticed Gastronok
  9239 | D:8      | Killed Gastronok
  9240 | D:8      | Reached skill level 5 in Spellcasting
  9240 | D:8      | Reached XP level 10. HP: 36/44 MP: 4/18
  9241 | D:8      | Noticed Prince Ribbit
  9243 | D:8      | Noticed Prince Ribbit
  9243 | D:8      | Prince Ribbit changed into Prince Ribbit the golden eye
  9245 | D:8      | Killed Prince Ribbit the golden eye
  9329 | D:8      | Received a gift from Nemelex Xobeh
 10114 | D:9      | Noticed an eight-headed hydra
 10116 | D:9      | Killed an eight-headed hydra
 10136 | D:9      | Reached skill level 5 in Earth Magic
 10166 | D:9      | Found a flagged portal.
 11104 | D:10     | Entered Level 10 of the Dungeon
 11112 | D:10     | Found a staircase to the Lair.
 11163 | D:10     | Noticed a two-headed ogre
 11165 | D:10     | Reached XP level 11. HP: 48/48 MP: 18/20
 11166 | D:10     | Killed a two-headed ogre
 11219 | D:10     | Reached ***** piety under Nemelex Xobeh
 11282 | D:10     | Found a glowing golden altar of the Shining One.
 11311 | D:10     | Received a gift from Nemelex Xobeh
 11377 | D:10     | Noticed Joseph
 11379 | D:10     | Killed Joseph
 12322 | D:11     | Learned a level 5 spell: Lee's Rapid Deconstruction
 12374 | D:11     | Noticed a two-headed ogre
 12394 | D:11     | Killed a two-headed ogre
 13113 | D:11     | Noticed a five-headed hydra
 13141 | D:11     | Killed a five-headed hydra
 13142 | D:11     | Reached skill level 5 in Conjurations
 13266 | D:11     | Received a gift from Nemelex Xobeh
 13438 | D:11     | Reached skill level 5 in Poison Magic
 13565 | D:12     | Noticed a two-headed ogre
 13571 | D:12     | Killed a two-headed ogre
 13578 | D:12     | Noticed Nergalle
 13581 | D:12     | Noticed a hell beast
 13582 | D:12     | Noticed a spectral orc warlord
 13583 | D:12     | Killed Nergalle
 13584 | D:12     | Reached skill level 9 in Stealth
 13645 | D:12     | Received a gift from Nemelex Xobeh
 14131 | Lair:1   | Entered Level 1 of the Lair of Beasts
 14249 | Lair:1   | Gained mutation: Your thick and shaggy fur keeps you warm.
                  | (AC +3, rC+) [Felid growth]
 14249 | Lair:1   | Reached XP level 12. HP: 53/53 MP: 18/22
 15403 | Lair:1   | Received a gift from Nemelex Xobeh
 15411 | Lair:1   | Reached skill level 5 in Evocations
 15724 | Lair:1   | Learned a level 4 spell: Fulminant Prism
 15805 | Lair:1   | Noticed an eight-headed hydra
 16671 | Lair:1   | Reached skill level 1 in Hexes
 17045 | Lair:1   | Killed an eight-headed hydra
 18941 | Lair:2   | Received a gift from Nemelex Xobeh
 19715 | Lair:2   | Found a one-way gate to the infinite horrors of the Abyss.
 19715 | Lair:2   | Noticed infinitevox's ghost (journeyman DsWn)
 19731 | Lair:2   | Found a transporter.
 19908 | Lair:2   | Found a transporter.
 20221 | Lair:2   | Received a gift from Nemelex Xobeh
 20546 | Lair:3   | Found a runed translucent gate.
 20546 | Lair:3   | Found a runed translucent gate.
 20546 | Lair:3   | Found a runed translucent gate.
 20732 | Lair:3   | Noticed Deed's ghost (journeyman MiFi)
 20735 | Lair:3   | Found a viscous altar of Jiyva.
 22061 | Lair:3   | Reached XP level 13. HP: 57/57 MP: 16/24
 22292 | Lair:3   | Learned a level 4 spell: Iskenderun's Mystic Blast
 22496 | Lair:3   | Found a staircase to the Shoals.
 22517 | Lair:3   | Received a gift from Nemelex Xobeh
 23232 | Lair:4   | Noticed Josephine
 23331 | Lair:3   | Killed Josephine
 23332 | Lair:3   | Reached skill level 10 in Stealth
 23530 | Lair:4   | Noticed Sonja
 23542 | Lair:3   | Reached skill level 5 in Ice Magic
 23909 | Lair:4   | Killed Sonja
 24039 | Lair:4   | Found a staircase to the Snake Pit.
 24273 | D:2      | Bought a book of Dreams for 264 gold pieces
 24273 | D:2      | Bought a book of Burglary for 220 gold pieces
 24858 | Lair:4   | Received a gift from Nemelex Xobeh
 24949 | Lair:4   | Reached skill level 5 in Translocations
 25635 | Lair:5   | Received a gift from Nemelex Xobeh
 25984 | Lair:5   | Noticed a broodmother
 25984 | Lair:5   | a five-headed hydra changed into a broodmother
 25988 | Lair:5   | Killed a broodmother
 26232 | Lair:5   | Learned a level 3 spell: Inner Flame
 26387 | Lair:5   | Found a staircase to the Slime Pits.
 26820 | Lair:6   | Entered Level 6 of the Lair of Beasts
 26905 | Lair:6   | Received a gift from Nemelex Xobeh
 26915 | Lair:6   | Reached skill level 1 in Fire Magic
 27249 | Lair:6   | Reached skill level 10 in Dodging
 27293 | Lair:6   | Reached XP level 14. HP: 56/63 MP: 11/26
 27529 | Lair:6   | Reached skill level 5 in Hexes
 29615 | D:12     | Found a staircase to the Orcish Mines.
 29675 | D:12     | Received a gift from Nemelex Xobeh
 30193 | D:13     | Killed from afar by a meliai
 30194 | D:13     | Reached XP level 13. HP: -1/59 MP: 22/26
 31313 | D:13     | Found a bloodstained altar of Trog.
 31559 | D:13     | Reached ****** piety under Nemelex Xobeh
 31683 | D:13     | Found a gate to the Vaults.
 31720 | D:14     | Received a gift from Nemelex Xobeh
 31890 | D:14     | Found a runed translucent door.
 31890 | D:14     | Noticed Mujodghi's ghost (journeyman FoFi)
 32137 | D:14     | Found a radiant altar of Vehumet.
 33133 | D:14     | Reached XP level 14. HP: 55/63 MP: 11/27
 33305 | D:15     | Entered Level 15 of the Dungeon
 33305 | D:15     | Received a gift from Nemelex Xobeh
 33325 | D:15     | Reached skill level 11 in Stealth
 33543 | D:15     | Found a stormy altar of Qazlal.
 34877 | D:15     | Found a staircase to the Depths.
 35290 | Orc:1    | Entered Level 1 of the Orcish Mines
 35294 | Orc:1    | Paralysed by an orc sorcerer for 7 turns
 36352 | Orc:1    | Received a gift from Nemelex Xobeh
 36893 | Orc:2    | Entered Level 2 of the Orcish Mines
 37415 | Orc:2    | Received a gift from Nemelex Xobeh
 37440 | Orc:2    | Found Apuehal's Weapon Shop.
 38576 | Orc:2    | Found Karroyddeu's Assorted Antiques.
 38590 | Orc:2    | Bought a wand of paralysis (3) for 52 gold pieces
 38590 | Orc:2    | Bought a scroll of teleportation for 78 gold pieces
 38590 | Orc:2    | Bought a large brass ring for 130 gold pieces
 38643 | Orc:2    | Noticed an orc warlord
 38680 | Orc:2    | Killed an orc warlord
 38681 | Orc:2    | Reached skill level 12 in Stealth
 38833 | Orc:2    | Found a staircase to the Elven Halls.
 39033 | Orc:2    | Noticed an orc warlord
 39057 | Orc:2    | Killed an orc warlord
 39062 | Orc:2    | Killed from afar by a wind drake
 39063 | Orc:2    | Reached XP level 13. HP: -10/59 MP: 5/26
 39514 | Orc:2    | Found Orapat's Antique Weapon Emporium.
 39520 | Orc:2    | Found Lykanged's Antique Armour Shoppe.
 39742 | Orc:2    | Received a gift from Nemelex Xobeh
 39918 | Orc:2    | Found Iruetrumn's Self-Improvement Boutique.
 39926 | Orc:2    | Bought a manual of Hexes for 1200 gold pieces
 39929 | Orc:2    | Learned a level 2 spell: Ensorcelled Hibernation
 40170 | Orc:2    | Found Naygh's Weapon Shop.
 40351 | Snake:1  | Entered Level 1 of the Snake Pit
 40549 | Snake:1  | Reached XP level 14. HP: 63/63 MP: 10/27
 41474 | Snake:1  | Found Immydu Soza's Mass Market.
 42091 | Snake:1  | Noticed Donald
 42137 | Snake:1  | Killed Donald
 42138 | Snake:1  | Reached skill level 10 in Hexes
 42404 | Snake:1  | Noticed a nagaraja
 42424 | Snake:1  | Killed a nagaraja
 42678 | Snake:1  | Noticed a nagaraja
 42710 | Snake:1  | Killed a nagaraja
 43336 | Snake:1  | Received a gift from Nemelex Xobeh
 44273 | Snake:2  | Mangled by a salamander

Illustrated notes

Levels and vault maps discovered:
D:1:      erik_arrival_blinker_ship, layout_basic,
          hellmonk_ecumenical_altar_run_dry
D:2:      layout_rooms, serial_shops, shop, minivault_25
D:3:      layout_rooms, mainiacjoe_overflow_boulevard,
          mainiacjoe_overflow_small_starburst, elyvilon_altar_3
D:4:      layout_layer_cave, nicolae_ru_path_of_blood, uniq_edmund, uniq_robin
D:5:      layout_cave_pods, chequers_serial_rivers_room_b,
          lemuel_flamethrower_2, uniq_blork_the_orc, uniq_menkaure,
          uniq_eustachio
D:6:      kennysheep_big_flooded_room, layout_cave_pools,
          mainiacjoe_overflow_cross_hatched, minmay_temple_entry_poolview,
          serial_shops, nicolae_square_shop
D:7:      layout_basic
D:8:      layout_basic, grunt_ministairs_15, uniq_prince_ribbit1,
          uniq_gastronok, uniq_pikel
D:9:      layout_rooms, enter_bailey_2
D:10:     layout_long_grid, mainiacjoe_overflow_alcove_4, dpeg_oklobed_lair,
          minmay_statues_item, dk_rats_in_the_wall, uniq_joseph
D:11:     layout_basic
D:12:     layout_basic, hiddenorc2_lemuel, hangedman_decor_growths,
          uniq_nergalle
D:13:     layout_rooms, ximxim_vaults_locker_room, bloody_trog
D:14:     layout_basic, gammafunk_ghost_grave, nicolae_vehumet_altar_sigil,
          grunt_decor_resistance, minmay_holes, hangedman_decor_slide_cut
D:15:     hangedman_depths_entry_civil_slaughter, layout_basic,
          nicolae_qazlal_scattered_showers
Lair:1:   layout_small_grid
Lair:2:   layout_small_grid, gammafunk_ghost_abyssal_escape,
          serial_bayou_shore_b
Lair:3:   layout_loops_ring, minmay_shoals_entry_lonely_mermaid,
          gammafunk_ghost_ooze, grunt_megastairs_1, lemuel_fruit_fields
Lair:4:   layout_gridlike, guppyfry_snake_entry_garden, uniq_josephine,
          uniq_sonja
Lair:5:   layout_cave_pods, minmay_slime_entry_oklob_open
Lair:6:   grunt_lair_end_beastmaster, layout_misc_corridors
Snake:1:  layout_grid_maze, minmay_shop_mass, guppyfry_library_mini, uniq_donald
Snake:2:  layout_chambers, ebering_ghost_rock_garden, basic_altar,
          grunt_megastairs_4, uniq_vashnia
Orc:1:    layout_caves
Orc:2:    grunt_orc_community_town_hall, layout_caves,
          grunt_orc_community_big_house_1, grunt_orc_community_big_house_2,
          grunt_orc_community_house_3, grunt_orc_community_house_2,
          grunt_orc_community_house_2, grunt_orc_community_house_1,
          serial_shops, nicolae_shop_waterfront, nicolae_shop_self_help

Skill      XL: |  1  2  3  4  5  6  7  8  9 10 11 12 13 14 |
---------------+-------------------------------------------+-----
Translocations | 1 2 4 9 8 |  9.8
Evocations     | 1 2 3 4 5 |  5.8
Dodging        | 3 4 6 8 9 10 | 10.9
Stealth        | 7 8 9 10 12 | 12.8
Spellcasting   | 1 2 3 4 5 6 7 9 |  9.0
Invocations    | 1 2 3 4 5 6 7 8 9 |  9.3
Poison Magic   | 1 2 3 4 5 6 |  6.4
Earth Magic    | 1 2 3 4 5 6 8 9 |  9.5
Conjurations   | 1 2 3 4 5 6 7 9 |  9.2
Transmutations | 1 |  1.8
Air Magic      | 1 2 3 4 |  4.4
Fighting       | 4 5 6 7 8 |  8.9
Summonings     | 1 2 3 |  3.7
Necromancy     | 1 2 3 |  3.6
Ice Magic      | 2 3 4 6 |  6.4
Hexes          | 2 9 10 | 10.7
Fire Magic     | 1 2 |  2.7
Unarmed Combat | |  2.6

Action                   |  1- 3 |  4- 6 |  7- 9 | 10-12 | 13-15 || total
-------------------------+-------+-------+-------+-------+-------++-------
Melee: Unarmed           |    92 |    33 |    14 |    53 |    37 ||   229
       Bite              |     8 |     4 |     3 |    10 |     4 ||    29
       Punch             |     2 |       |     1 |     1 |     3 ||     7
 Cast: Sandblast         |     5 |    12 |    38 |    39 |    10 ||   104
       Poisonous Vapours |     6 |    23 |    66 |   122 |   163 ||   380
       Magic Dart        |       |       |    13 |    11 |       ||    24
       Stone Arrow       |       |       |    35 |   295 |   709 ||  1039
       Summon Small Mamm |       |       |     4 |    40 |     2 ||    46
       Freeze            |       |       |       |     9 |     8 ||    17
       Lee's Rapid Decon |       |       |       |     3 |    18 ||    21
       Fulminant Prism   |       |       |       |     2 |   132 ||   134
       Corpse Rot        |       |       |       |     1 |     8 ||     9
       Searing Ray       |       |       |       |     1 |       ||     1
       Iskenderun's Myst |       |       |       |       |    76 ||    76
       Inner Flame       |       |       |       |       |    14 ||    14
       Ensorcelled Hiber |       |       |       |       |    13 ||    13
       Passwall          |       |       |       |       |     2 ||     2
Invok: Draw Destruction  |       |     8 |    16 |    27 |    47 ||    98
       Draw Summoning    |       |     2 |     7 |     7 |    10 ||    26
       Draw Escape       |       |     1 |     2 |     5 |    17 ||    25
       Triple Draw       |       |       |     1 |     2 |       ||     3
       Deal Four         |       |       |       |     1 |     8 ||     9
Evoke: Wand              |       |       |       |     5 |    54 ||    59
  Use: Scroll            |     9 |     3 |     9 |     6 |    14 ||    41
       Potion            |     4 |     2 |     3 |    10 |     8 ||    27
 Stab: Sleeping          |    10 |     1 |       |     1 |    11 ||    23
       Distracted        |     1 |       |       |       |     1 ||     2
Armor: Skin              |    11 |     7 |     4 |     8 |    32 ||    62
Dodge: Dodged            |    74 |    51 |    57 |   156 |   318 ||   656
Block: Other             |     2 |     4 |       |    26 |     6 ||    38
       Reflection        |       |     1 |       |     1 |       ||     2
